 Dungeon Crawl Stone Soup version 0.29-a0-512-gf59ac788ac (webtiles) character file.

Game seed: 4190827499018845742

347 purpskrrrp the Chopper (level 6, -2/55 HPs)
             Began as a Deep Dwarf Berserker on May 30, 2022.
             Was a Believer of Trog.
             Slain by a gnoll sergeant
             ... wielding a +0 spear
              (4 damage)
             ... on level 4 of the Dungeon.
             The game lasted 00:18:08 (2282 turns).

purpskrrrp the Chopper (Deep Dwarf Berserker)       Turns: 2282, Time: 00:18:08

Health: -2/55      AC: 11    Str: 23    XL:     6   Next: 32%
Magic:  5/5        EV:  7    Int:  7    God:    Trog [**....]
Gold:   75         SH:  0    Dex: 12    Spells: 5/5 levels left

rFire   + . .      SeeInvis .   t - +0 scythe
rCold   . . .      Faith    .   (shield currently unavailable)
rNeg    . . .      Spirit   .   g - +0 plate armour
rPois   .          Reflect  .   (no helmet)
rElec   .          Harm     .   (no cloak)
rCorr   .          Rampage  .   (no gloves)
Will    .....                   (no boots)
Stlth   ..........              (no amulet)
HPRegen 0.00/turn               e - ring of protection from fire
MPRegen 0.09/turn               (no ring)

@: marked
A: damage resistance, heal wounds, sense surroundings 1, no regeneration
a: Heal Wounds, Renounce Religion, Berserk, Trog's Hand


You were on level 4 of the Dungeon.
You worshipped Trog.
Trog was pleased with you.
You visited 1 branch of the dungeon, and saw 4 of its levels.

You collected 102 gold pieces.
You spent 27 gold pieces at shops.

Inventory:

Hand Weapons
 a - a +0 hand axe
 o - a +0 flail
 t - a +0 scythe (weapon)
Missiles
 m - 5 boomerangs (quivered)
Armour
 b - a +0 animal skin
 c - a +0 ring mail
 g - a +0 plate armour (worn)
Jewellery
 e - a ring of protection from fire (left hand)
Wands
 r - a wand of digging (4)
Scrolls
 d - a scroll of identify
 f - 2 scrolls of fog {unknown}
 j - a scroll of torment {unknown}
 l - a scroll of brand weapon {unknown}
 n - 2 scrolls of magic mapping
 p - a scroll of vulnerability {unknown}
 u - a scroll of noise {unknown}
Potions
 h - 2 potions of attraction
 i - a potion of degeneration
 k - a potion of lignification
 q - a potion of curing
 s - a potion of ambrosia
 v - 2 potions of resistance


   Skills:
 - Level 2.6 Fighting
 - Level 5.7(6.0) Axes
 - Level 2.0(3.9) Maces & Flails
 * Level 0.5(3.0) Polearms
 + Level 3.8 Armour
 + Level 3.8 Dodging


You had 5 spell levels left.
You didn't know any spells.
Your spell library contained the following spells:

 Spells                   Type           Power      Damage    Failure   Level
 Ozocubu's Armour         Ice            0%         N/A       100%        3
 Ozocubu's Refrigeration  Ice            0%         4d5       100%        7


Dungeon Overview and Level Annotations

Branches:
Dungeon (4/15)
 Temple: D:4-7

Altars:

Shops:
D:2 !   D:4 *


Innate Abilities, Weirdness & Mutations

You are resistant to damage.
You can heal yourself by infusing magical energy.
You passively map a small area around you.
You do not regenerate.


Message History

You see here 7 stones.
Throw: 5 boomerangs
Press: ? - help, Q - select action, (/) - cycle Shift-Dir - straight line, f - gnoll sergeant
Aim: a gnoll sergeant, wielding a +0 spear and wearing a +0 scale mail (65% to hit)
You throw a boomerang.
The boomerang hits the gnoll sergeant but does no damage.
Throw: 5 boomerangs
Press: ? - help, Q - select action, (/) - cycle Shift-Dir - straight line, f/p - gnoll sergeant
Aim: a gnoll sergeant, wielding a +0 spear and wearing a +0 scale mail (65% to hit)
You throw a boomerang.
The boomerang hits the gnoll sergeant but does no damage.
Throw: 5 boomerangs
Press: ? - help, Q - select action, (/) - cycle Shift-Dir - straight line, f/p - gnoll sergeant
Aim: a gnoll sergeant, wielding a +0 spear and wearing a +0 scale mail (65% to hit)
You throw a boomerang.
The boomerang closely misses the gnoll sergeant.
Throw: 5 boomerangs
Press: ? - help, Q - select action, (/) - cycle Shift-Dir - straight line, f/p - gnoll sergeant
Aim: a gnoll sergeant, wielding a +0 spear and wearing a +0 scale mail (65% to hit)
You throw a boomerang. The boomerang hits the gnoll sergeant.
The gnoll sergeant is lightly wounded.
Throw: 5 boomerangs
Press: ? - help, Q - select action, (/) - cycle Shift-Dir - straight line, f/p - gnoll sergeant
Aim: a gnoll sergeant, wielding a +0 spear and wearing a +0 scale mail (lightly wounded, 65% to hit)
You throw a boomerang.
The boomerang closely misses the gnoll sergeant.
The gnoll sergeant hits you from afar with a +0 spear!
* * * LOW HITPOINT WARNING * * *
The gnoll sergeant closely misses you.
There is an open door here.
You hit the gnoll sergeant but do no damage.
The gnoll sergeant is lightly wounded.
The gnoll sergeant hits you but does no damage.
The gnoll sergeant closely misses you.
You barely miss the gnoll sergeant.
The gnoll sergeant is lightly wounded.
The gnoll sergeant hits you with a +0 spear!
* * * LOW HITPOINT WARNING * * *
The gnoll sergeant hits you with a +0 spear.
You die...

, ####### #####.....####
######...#.###....######
...........#(#.........#
###.##.####@####.####.# ### #
#.#.^#g#^.#.# #.# #.. ,, #.
#.##^#.#^##.# #.# #.#
##.##†#.^#.#^.#.####.####.#
#.#...#.##^#.#^##............
#.......#.^#.#^.#.###..######
#.......####'####..........##
*#..#.##............##..###.##
,, ........####.#####.##..#
#...


You could see a gnoll sergeant.

Vanquished Creatures
  Sigmund (D:4)
  A scorpion (D:3)
  An iguana (D:4)
  2 adders
  4 dart slugs
  2 orcs
  6 ball pythons
  5 endoplasms
  A giant cockroach (D:1)
  A goblin (D:2)
  6 hobgoblins
  5 kobolds
  6 quokkas
  8 bats
  5 frilled lizards
  4 rats
58 creatures vanquished.

Notes
Turn   | Place    | Note
-------+----------+-------------------------------------------
     0 | D:1      | purpskrrrp the Deep Dwarf Berserker began the quest for the
                  | Orb.
     0 | D:1      | Reached XP level 1. HP: 20/20 MP: 1/1
   123 | D:1      | Reached skill level 4 in Axes
   123 | D:1      | Reached XP level 2. HP: 27/27 MP: 2/2
   784 | D:2      | Reached ** piety under Trog
   785 | D:2      | Reached XP level 3. HP: 33/33 MP: 2/2
   858 | D:2      | Reached skill level 5 in Axes
   956 | D:2      | Found Goosio's Distillery.
  1434 | D:3      | Reached XP level 4. HP: 32/40 MP: 3/3
  1480 | D:3      | Found a faded altar of an unknown god.
  1518 | D:3      | Noticed a scorpion
  1536 | D:3      | Killed a scorpion
  1681 | D:3      | Reached XP level 5. HP: 30/46 MP: 4/4
  2007 | D:4      | Noticed Sigmund
  2014 | D:4      | Killed Sigmund
  2015 | D:4      | Reached skill level 1 in Maces & Flails
  2015 | D:4      | Reached XP level 6. HP: 33/55 MP: 5/5
  2071 | D:4      | Found Dixafaus's Assorted Antiques.
  2079 | D:4      | Bought a scroll labelled LUP RI RAPUATH for 27 gold pieces
  2265 | D:4      | Noticed a sky beast
  2282 | D:4      | HP: 2/55 [gnoll sergeant/+0 spear (8)]
  2282 | D:4      | Slain by a gnoll sergeant

Illustrated notes

Levels and vault maps discovered:
D:1:      mrwooster_arrival_statue, layout_basic
D:2:      layout_loops_ring, serial_shops, shop
D:3:      layout_loops_ring, hellmonk_ecumenical_altar_slurped_away
D:4:      layout_loops_ring, serial_shops, nicolae_shop_statue_plus,
          grunt_tough_drop, uniq_sigmund

Skill      XL: |  1  2  3  4  5  6 |
---------------+-------------------+-----
Axes           | 4 5 |  5.7
Maces & Flails | 1 2 |  2.0
Armour         | 3 |  3.8
Dodging        | 3 |  3.8
Fighting       | |  2.6
Polearms       | |  0.5

Action                   |  1- 3 |  4- 6 || total
-------------------------+-------+-------++-------
Melee: Hand axe          |   133 |    27 ||   160
       Flail             |       |    16 ||    16
       Scythe            |       |    15 ||    15
Throw: Boomerang         |       |     5 ||     5
Invok: Berserk           |       |     1 ||     1
       Trog's Hand       |       |     1 ||     1
 Abil: Heal Wounds       |     2 |       ||     2
  Use: Scroll            |     1 |     6 ||     7
Armor: Ring mail         |    31 |       ||    31
       Plate armour      |    16 |    27 ||    43
Dodge: Dodged            |    69 |    27 ||    96

Table legend: (Time is in decaauts)
 A = Elapsed time spent in this place.
 B = Non-inter-level travel time spent in this place.
 C = Inter-level travel time spent in this place.
 D = Time resting spent in this place.
 E = Time spent auto-exploring this place.
 F = Levels seen in this place.
 G = Mean time per level.
                   A        B        C        D        E       F      G
               +--------+--------+--------+--------+--------+-----+--------+
         Total |   2314 |   2118 |    196 |    147 |   1453 |   4 |  578.5 |
       Dungeon |   2314 |   2118 |    196 |    147 |   1453 |   4 |  578.5 |
               +--------+--------+--------+--------+--------+-----+--------+

Top non-repeatable levels by time:
     D:1: 715 daAuts
     D:2: 667 daAuts
     D:3: 634 daAuts
     D:4: 297 daAuts
